[Event "105th British-ch 2018"]
[Site "Hull"]
[Date "2018.08.02"]
[Round "6"]
[White "Rudd, Jack"]
[Black "Ratnesan, Ranesh"]
[Result "1-0"]
[ECO "E75"]
[WhiteElo "2244"]
[BlackElo "2073"]
[Annotator "NA"]
[PlyCount "81"]
[EventDate "2018.07.28"]
[EventType "swiss"]
[EventCountry "GBR"]
[SourceTitle "playchess.com"]
[Source "ChessBase"]
[SourceQuality "1"]
[TimeControl "40/5400+30:1800+30"]

1. d4 Nf6 2. c4 g6 3. Nc3 Bg7 4. e4 d6 5. Be2 O-O 6. Bg5 c5 7. d5 h6 8. Be3 e6 9. Nf3 exd5 10. cxd5 Re8 11. Nd2 a6 12. a4 b6 13. O-O Nbd7 14. f4 Qc7 15. Bf3 Rb8 16. Rc1 b5 17. axb5 axb5 18. b4 c4 19. Bf2 Nf8 20. Ra1 Bd7 21. Ra6 Ng4 22. Bxg4 Bxc3 23. Bxd7 Qxd7 24. e5 Qf5 25. exd6 Bxb4 26. Nf3 Rbd8 27. Rb6 Bxd6 28. Rxb5 Bxf4 29. Nd4 Qg5 30. h4 Qf6 31. Nc6 Rc8 32. Qf3 Be5 33. Qh3 Qd6 34. Bc5 Qd7 35. Qf3 Bg7 36. Ra5 Nh7 37. Ra7 Rc7 38. Rxc7 Qxc7 39. d6 Qd7 40. Ne7+ Kh8 41. Qxf7 1-0

[Event "105th British-ch 2018"]
[Site "Hull"]
[Date "2018.08.02"]
[Round "6"]
[White "Longson, Sarah N"]
[Black "Miller, Dominic"]
[Result "1-0"]
[ECO "B12"]
[WhiteElo "2123"]
[BlackElo "2017"]
[Annotator "NA"]
[PlyCount "75"]
[EventDate "2018.07.28"]
[EventType "swiss"]
[EventCountry "GBR"]
[SourceTitle "playchess.com"]
[Source "ChessBase"]
[SourceQuality "1"]
[TimeControl "40/5400+30:1800+30"]

1. e4 c6 2. d4 d5 3. f3 e6 4. Bf4 Nf6 5. Nc3 Bb4 6. Qd3 b6 7. Nge2 Ba6 8. Qe3 c5 9. O-O-O O-O 10. Bg5 Bxe2 11. Nxe2 h6 12. Bh4 Ng4 13. fxg4 Qxh4 14. exd5 cxd4 15. Qxd4 Bc5 16. Qe4 exd5 17. Rxd5 Nc6 18. g3 Qf6 19. Rf5 Qd6 20. Bg2 Rad8 21. Rd5 Qe7 22. Qxe7 Nxe7 23. Re5 Ng6 24. Re4 f5 25. gxf5 Rxf5 26. b4 Be7 27. h4 Rf2 28. Bh3 Bxb4 29. h5 Nf8 30. c3 Bc5 31. Rd1 Rxd1+ 32. Kxd1 Kf7 33. Bg4 Rf6 34. Nf4 g5 35. hxg6+ Nxg6 36. Bh5 a5 37. Nxg6 Rxg6 38. Rg4 1-0

[Event "105th British-ch 2018"]
[Site "Hull"]
[Date "2018.08.02"]
[Round "6"]
[White "Sugden, John N"]
[Black "Mcphillips, Joseph"]
[Result "0-1"]
[ECO "C02"]
[WhiteElo "2090"]
[BlackElo "2402"]
[Annotator "ChessBase"]
[PlyCount "80"]
[EventDate "2018.07.28"]
[EventType "swiss"]
[EventCountry "GBR"]
[SourceTitle "playchess.com"]
[Source "ChessBase"]
[SourceQuality "1"]
[TimeControl "40/5400+30:1800+30"]

1. e4 e6 2. d4 d5 3. e5 c5 4. c3 Nc6 5. Nf3 Qb6 6. a3 Nh6 7. b4 cxd4 8. cxd4 Nf5 9. Be3 Bd7 10. Bd3 Nxe3 11. fxe3 g6 12. h4 Be7 13. Ke2 Qc7 14. Nbd2 Nd8 15. Qb1 Qb6 16. Nb3 Bb5 17. Bxb5+ Qxb5+ 18. Qd3 a6 19. Rhc1 Qb6 20. Rc3 f5 21. exf6 Bxf6 22. h5 g5 23. e4 O-O 24. e5 Be7 25. Nc5 Qb5 26. Qxb5 axb5 27. Nd7 Rf4 28. Rc7 Nc6 29. Rxb7 Re4+ 30. Kf1 g4 31. Nh2 Nxd4 32. Kg1 Ne2+ 33. Kf1 Ng3+ 34. Kf2 Nxh5 35. g3 Rc8 36. Rb8 Rxb8 37. Nxb8 Rxe5 38. Nxg4 Rg5 39. Ne3 Nxg3 40. Nc6 Bf6 0-1

[Event "105th British-ch 2018"]
[Site "Hull"]
[Date "2018.08.02"]
[Round "6"]
[White "Krzyzanowski, Patryk"]
[Black "Zapolskis, Antanas J"]
[Result "0-1"]
[ECO "B00"]
[WhiteElo "2087"]
[BlackElo "2283"]
[Annotator "RC"]
[PlyCount "38"]
[EventDate "2018.07.28"]
[EventType "swiss"]
[EventCountry "GBR"]
[SourceTitle "playchess.com"]
[Source "ChessBase"]
[SourceQuality "1"]
[TimeControl "40/5400+30:1800+30"]

1. d4 b5 2. e4 a6 3. a4 Bb7 4. axb5 axb5 5. Rxa8 Bxa8 6. d5 Nf6 7. Qd4 c5 8. Qxc5 Nxe4 9. Qxb5 Nd6 10. Qb3 e6 11. Bf4 Bxd5 12. c4 Bc6 13. Nf3 Bxf3 14. Qxf3 Nc6 15. Qd1 Ne4 16. Bd3 Bb4+ 17. Nd2 Qf6 18. O-O Nc5 19. Ne4 Qxf4 0-1

[Event "105th British-ch 2018"]
[Site "Hull"]
[Date "2018.08.02"]
[Round "6"]
[White "Verma, Aditya"]
[Black "Price, Gwilym T"]
[Result "1-0"]
[ECO "B45"]
[WhiteElo "2084"]
[BlackElo "2085"]
[Annotator "NA"]
[PlyCount "77"]
[EventDate "2018.07.28"]
[EventType "swiss"]
[EventCountry "GBR"]
[SourceTitle "playchess.com"]
[Source "ChessBase"]
[SourceQuality "1"]
[TimeControl "40/5400+30:1800+30"]

1. e4 c5 2. Nf3 e6 3. d4 cxd4 4. Nxd4 Nf6 5. Nc3 Nc6 6. g3 d5 7. exd5 Nxd5 8. Nxc6 bxc6 9. Bg2 Ba6 10. Bd2 Be7 11. Ne2 Qb6 12. b3 Rd8 13. c4 Nb4 14. O-O Bf6 15. Rb1 O-O 16. a3 Nd3 17. Qc2 Kh8 18. Nf4 Nxf4 19. Bxf4 Rd7 20. Rfd1 Rfd8 21. Rxd7 Rxd7 22. Rd1 Bd4 23. c5 Qb7 24. Bd6 Bf6 25. b4 g6 26. h4 Kg8 27. Kh2 Bg7 28. Rb1 Qc8 29. Rd1 h5 30. a4 Bf8 31. Bxf8 Kxf8 32. Qc1 Ke8 33. Rxd7 Qxd7 34. Qf4 Kd8 35. Qf6+ Kc7 36. Qe5+ Kd8 37. Qc3 Be2 38. Qh8+ Kc7 39. Qe5+ 1-0

[Event "105th British-ch 2018"]
[Site "Hull"]
[Date "2018.08.02"]
[Round "6"]
[White "Thurlow, Kevin J"]
[Black "Jarmany, John"]
[Result "1/2-1/2"]
[ECO "B10"]
[WhiteElo "2030"]
[BlackElo "2110"]
[Annotator "NA"]
[PlyCount "61"]
[EventDate "2018.07.28"]
[EventType "swiss"]
[EventCountry "GBR"]
[SourceTitle "playchess.com"]
[Source "ChessBase"]
[SourceQuality "1"]
[TimeControl "40/5400+30:1800+30"]

1. c4 c6 2. e4 d5 3. exd5 cxd5 4. cxd5 Nf6 5. Nc3 Nxd5 6. Bc4 Nb6 7. Bb3 Nc6 8. Nf3 Bf5 9. d4 e6 10. O-O Be7 11. Bf4 O-O 12. d5 Nxd5 13. Nxd5 exd5 14. Qxd5 Qxd5 15. Bxd5 Bf6 16. Bxc6 bxc6 17. Rac1 Bxb2 18. Rxc6 Be4 19. Rc7 Bxf3 20. gxf3 Bd4 21. Rd1 Rfd8 22. Be3 Bb6 23. Rxd8+ Rxd8 24. Bxb6 axb6 25. Rb7 Ra8 26. Rxb6 g6 27. Rb2 Ra3 28. Kg2 Kg7 29. Kg3 h5 30. h4 Kf6 31. Kf4 {[%emt 0:05:50] Ke5+ [%emt 00:05:54] Ke4+} 1/2-1/2

[Event "105th British-ch 2018"]
[Site "Hull"]
[Date "2018.08.02"]
[Round "6"]
[White "Jamroz, Krzysztof"]
[Black "Jackson, Sheila"]
[Result "0-1"]
[ECO "C10"]
[WhiteElo "2026"]
[BlackElo "2072"]
[Annotator "NA"]
[PlyCount "82"]
[EventDate "2018.07.28"]
[EventType "swiss"]
[EventCountry "GBR"]
[SourceTitle "playchess.com"]
[Source "ChessBase"]
[SourceQuality "1"]
[TimeControl "40/5400+30:1800+30"]

1. e4 e6 2. d4 d5 3. Nd2 dxe4 4. Nxe4 Nf6 5. Bd3 Nbd7 6. Nf3 Be7 7. O-O Nxe4 8. Bxe4 Nf6 9. Bd3 O-O 10. Qe2 $14 b6 11. Rd1 Bb7 12. c4 a5 13. Bf4 Kh8 14. Rac1 Bxf3 15. Qxf3 Qxd4 16. Bxh7 Qc5 17. Bb1 Rad8 18. Qh3+ Kg8 19. Rxd8 Rxd8 20. g4 g6 21. b3 Ne8 22. Re1 Bf6 23. g5 Bd4 24. Bxg6 fxg6 25. Qxe6+ Kh7 26. Qh3+ Kg8 27. Re2 Qf5 28. Qg3 Nd6 29. h4 Rf8 30. Bxd6 cxd6 31. Kg2 Be5 32. Qe3 Qg4+ 33. Kf1 Qxh4 34. Rd2 Qf4 35. Qd3 Qxg5 36. Qd5+ Rf7 37. Rd3 Kg7 38. Rh3 Qf5 39. Qg2 Qb1+ 40. Ke2 Qxa2+ 41. Kd1 Qxf2 0-1

[Event "105th British-ch 2018"]
[Site "Hull"]
[Date "2018.08.02"]
[Round "6"]
[White "Iyengar, Ilya"]
[Black "Tozer, Philip"]
[Result "1/2-1/2"]
[ECO "A47"]
[WhiteElo "2017"]
[BlackElo "2142"]
[Annotator "NA"]
[PlyCount "34"]
[EventDate "2018.07.28"]
[EventType "swiss"]
[EventCountry "GBR"]
[SourceTitle "playchess.com"]
[Source "ChessBase"]
[SourceQuality "1"]
[TimeControl "40/5400+30:1800+30"]

1. d4 e6 2. Nf3 Nf6 3. Bg5 c5 4. e3 cxd4 5. exd4 b6 6. Bd3 Bb7 7. O-O Be7 8. Re1 O-O 9. Nbd2 d6 10. c4 Nbd7 11. a3 h6 12. Bf4 Re8 13. b4 Bf8 14. Qb3 Nh5 15. Be3 Nhf6 16. Bf4 Nh5 17. Be3 Nhf6 1/2-1/2

[Event "105th British-ch 2018"]
[Site "Hull"]
[Date "2018.08.02"]
[Round "6"]
[White "Burke, Mitchell R"]
[Black "Wall, Tim P"]
[Result "0-1"]
[ECO "C34"]
[WhiteElo "1988"]
[BlackElo "2234"]
[Annotator "NA"]
[PlyCount "41"]
[EventDate "2018.07.28"]
[EventType "swiss"]
[EventCountry "GBR"]
[SourceTitle "playchess.com"]
[Source "ChessBase"]
[SourceQuality "1"]
[TimeControl "40/5400+30:1800+30"]

1. e4 e5 2. f4 Nc6 3. Bc4 exf4 4. Nf3 g5 5. O-O d6 6. Nc3 Bg7 7. d4 h6 8. Nd5 Nge7 9. c3 Ng6 10. Qe2 Bg4 11. h3 Be6 12. Re1 O-O 13. Nh2 Na5 14. Bd3 c6 15. Nb4 c5 16. Nc2 c4 17. d5 cxd3 18. Qxd3 Ne5 19. Qe2 Bd7 20. b4 Nac4 21. Nd4 0-1

[Event "105th British-ch 2018"]
[Site "Hull"]
[Date "2018.08.03"]
[Round "7"]
[White "Mcshane, Luke J"]
[Black "Hebden, Mark"]
[Result "1/2-1/2"]
[ECO "C55"]
[WhiteElo "2669"]
[BlackElo "2423"]
[Annotator "RC"]
[PlyCount "72"]
[EventDate "2018.07.28"]
[EventType "swiss"]
[EventCountry "GBR"]
[SourceTitle "playchess.com"]
[Source "ChessBase"]
[SourceQuality "1"]
[TimeControl "40/5400+30:1800+30"]

1. e4 e5 2. Nf3 Nc6 3. Bc4 Nf6 4. d3 Be7 5. O-O O-O 6. Re1 d6 7. c3 Na5 8. Bb5 a6 9. Ba4 b5 10. Bc2 c5 11. Nbd2 Re8 12. Nf1 h6 13. h3 Bf8 14. Ne3 Bb7 15. Nh2 d5 16. Nhg4 dxe4 17. Nxf6+ Qxf6 18. dxe4 Rad8 19. Qe2 Bc8 20. a4 b4 21. Nd5 Qg6 22. Kh1 Bb7 23. cxb4 cxb4 24. Be3 Rc8 25. Rad1 Nc4 26. Bc1 Nb6 27. Nxb6 Qxb6 28. Bb3 Rc7 29. Be3 Bc5 30. Bxc5 Qxc5 31. Rd3 Bc8 32. Red1 Be6 33. Kg1 Bxb3 34. Rxb3 Re6 35. Rf3 Rd6 36. Kh2 Rcd7 1/2-1/2

[Event "105th British-ch 2018"]
[Site "Hull"]
[Date "2018.08.03"]
[Round "7"]
[White "Emms, John M"]
[Black "Houska, Jovanka"]
[Result "1/2-1/2"]
[ECO "D02"]
[WhiteElo "2488"]
[BlackElo "2406"]
[Annotator "ChessBase"]
[PlyCount "46"]
[EventDate "2018.07.28"]
[EventType "swiss"]
[EventCountry "GBR"]
[SourceTitle "playchess.com"]
[Source "ChessBase"]
[SourceQuality "1"]
[TimeControl "40/5400+30:1800+30"]

1. d4 d5 2. Nf3 Nf6 3. Bf4 c5 4. e3 Nc6 5. Nbd2 e6 6. c3 Bd6 7. Bg3 O-O 8. Bd3 b6 9. Qe2 Bb7 10. Rd1 Re8 11. Ne5 Qc7 12. f4 Ne7 13. Bh4 Ne4 14. Nxe4 dxe4 15. Bb5 Nc6 16. O-O a6 17. Ba4 b5 18. Bc2 Ne7 19. Bxe7 Rxe7 20. Ng4 cxd4 21. cxd4 Bd5 22. Bb3 Bxb3 23. axb3 f5 1/2-1/2

[Event "105th British-ch 2018"]
[Site "Hull"]
[Date "2018.08.03"]
[Round "7"]
[White "Trent, Lawrence"]
[Black "Kolbus, Dietmar"]
[Result "1/2-1/2"]
[ECO "A03"]
[WhiteElo "2406"]
[BlackElo "2303"]
[Annotator "NA"]
[PlyCount "61"]
[EventDate "2018.07.28"]
[EventType "swiss"]
[EventCountry "GBR"]
[SourceTitle "playchess.com"]
[Source "ChessBase"]
[SourceQuality "1"]
[TimeControl "40/5400+30:1800+30"]

1. f4 d5 2. Nf3 g6 3. c4 dxc4 4. e3 Bg7 5. Bxc4 Nf6 6. O-O O-O 7. Nc3 c6 8. Ne5 Nd5 9. d4 Nb6 10. Bb3 Qe8 11. e4 N8d7 12. Be3 Nxe5 13. fxe5 e6 14. Qd2 Nd7 15. Bh6 Kh8 16. Rf3 Bxh6 17. Qxh6 Rg8 18. Raf1 Rg7 19. Qg5 b6 20. d5 Ba6 21. dxe6 fxe6 22. Rd1 Qe7 23. Qxe7 Rxe7 24. Rf6 Nxe5 25. Rd6 Rae8 26. Rfxe6 Rxe6 27. Bxe6 Kg7 28. h3 Kf8 29. Bb3 Ke7 30. Re6+ Kd7 31. Rxe8 1/2-1/2

[Event "105th British-ch 2018"]
[Site "Hull"]
[Date "2018.08.03"]
[Round "7"]
[White "Roberson, Peter T"]
[Black "Zapolskis, Antanas J"]
[Result "1/2-1/2"]
[ECO "A35"]
[WhiteElo "2401"]
[BlackElo "2283"]
[Annotator "NA"]
[PlyCount "184"]
[EventDate "2018.07.28"]
[EventType "swiss"]
[EventCountry "GBR"]
[SourceTitle "playchess.com"]
[Source "ChessBase"]
[SourceQuality "1"]
[TimeControl "40/5400+30:1800+30"]

1. e4 c5 2. Nf3 Nc6 3. c3 d6 4. d4 Nf6 5. d5 Nb8 6. Bd3 g6 7. c4 Bg7 8. h3 O-O 9. Nc3 a6 10. O-O Nbd7 11. a4 Re8 12. Bf4 Nh5 13. Bg5 h6 14. Be3 e5 15. dxe6 Rxe6 16. Qd2 Ne5 17. Be2 Qf8 18. Nd5 Rb8 19. Nxe5 dxe5 20. Bxh5 gxh5 21. Qe2 Kh7 22. Qxh5 b6 23. a5 b5 24. b3 Rg6 25. Rad1 Rb7 26. Nb6 Be6 27. Rd2 f5 28. exf5 Bxf5 29. Bxc5 Qf7 30. Kh1 Be4 31. f3 Qf4 32. Rd8 Bc6 33. Qxg6+ Kxg6 34. Rd6+ Kh7 35. Rxc6 bxc4 36. bxc4 e4 37. Nd5 Qf5 38. Rb6 Rf7 39. Bg1 Qc8 40. f4 Qxc4 41. Ne3 Qe2 42. Rd1 Bf8 43. Rc1 Qd2 44. Rcc6 Qxa5 45. Rxa6 Qe1 46. Nd5 Bg7 47. Kh2 h5 48. Be3 h4 49. Rg6 Rf5 50. Rg4 Rxd5 51. Ra7 Qc3 52. Bf2 Rd6 53. Raxg7+ Qxg7 54. Rxg7+ Kxg7 55. Bxh4 Kg6 56. g4 Rd3 57. Kg2 Kf7 58. f5 Rf3 59. Bg5 Rb3 60. h4 Kg7 61. h5 Kf7 62. h6 Kg8 63. Bf6 Rf3 64. Be5 Kh7 65. Bg7 Kg8 66. Bf6 Kh7 67. Bg5 Ra3 68. Kf2 Rf3+ 69. Ke2 Rg3 70. Bf4 Rf3 71. Be3 Kg8 72. g5 Rxf5 73. g6 Rh5 74. Kd2 Rh3 75. Bf4 Rd3+ 76. Ke2 Rh3 77. Kd2 Rd3+ 78. Ke1 Rh3 79. Ke2 Kf8 80. Bg5 Rh5 81. Bc1 Rh2+ 82. Kd1 Ke7 83. Bb2 Rxh6 84. g7 Kf7 85. Be5 Rg6 86. Ke2 Ke6 87. Ba1 Kf5 88. Ke3 Rg3+ 89. Kf2 Rg4 90. Ke3 Rg3+ 91. Kf2 Kf4 92. Be5+ Kf5 1/2-1/2

[Event "105th British-ch 2018"]
[Site "Hull"]
[Date "2018.08.03"]
[Round "7"]
[White "Bradbury, Neil H"]
[Black "Pritchett, Craig William"]
[Result "0-1"]
[ECO "E11"]
[WhiteElo "2350"]
[BlackElo "2274"]
[Annotator "NA"]
[PlyCount "94"]
[EventDate "2018.07.28"]
[EventType "swiss"]
[EventCountry "GBR"]
[SourceTitle "playchess.com"]
[Source "ChessBase"]
[SourceQuality "1"]
[TimeControl "40/5400+30:1800+30"]

1. d4 e6 2. Nf3 Nf6 3. c4 Bb4+ 4. Nbd2 O-O 5. a3 Be7 6. e4 d6 7. b3 e5 8. d5 a5 9. Bd3 Nh5 10. g3 g6 11. Bb2 Na6 12. Bc2 c6 13. dxc6 bxc6 14. Qe2 Bh3 15. O-O-O Qb6 16. Rhe1 Rfb8 17. Qe3 Qxe3 18. Rxe3 Bg4 19. Rde1 Bf8 20. Kb1 Nc5 21. Ka2 Bh6 22. Rc3 Ng7 23. h3 Bd7 24. g4 Nge6 25. Bd1 Rb7 26. Nb1 Rab8 27. h4 Bf4 28. g5 Na4 29. Rd3 Nxb2 30. Kxb2 Nc5 31. Rxd6 Be6 32. Nbd2 Kf8 33. Kc3 Rb6 34. b4 axb4+ 35. axb4 Nd7 36. c5 Rxb4 37. Rxc6 R4b5 38. Nc4 Nxc5 39. Nfxe5 Nd7 40. Nd3 Bxc4 41. Rxc4 Be5+ 42. Nxe5 Nxe5 43. Rc7 Rb1 44. Kd2 R8b2+ 45. Kc3 Rxf2 46. Ra7 Rc1+ 47. Kb3 Nd3 0-1

[Event "105th British-ch 2018"]
[Site "Hull"]
[Date "2018.08.03"]
[Round "7"]
[White "Murphy, Conor E"]
[Black "Rudd, Jack"]
[Result "1-0"]
[ECO "B14"]
[WhiteElo "2336"]
[BlackElo "2244"]
[Annotator "NA"]
[PlyCount "59"]
[EventDate "2018.07.28"]
[EventType "swiss"]
[EventCountry "GBR"]
[SourceTitle "playchess.com"]
[Source "ChessBase"]
[SourceQuality "1"]
[TimeControl "40/5400+30:1800+30"]

1. e4 c6 2. d4 d5 3. exd5 cxd5 4. c4 Nf6 5. Nc3 Nc6 6. Nf3 e6 7. c5 Be7 8. Bb5 O-O 9. O-O Bd7 10. Re1 b6 11. Bxc6 Bxc6 12. b4 bxc5 13. bxc5 Nd7 14. Bf4 Re8 15. Qd3 Qa5 16. Re3 Bf6 17. Rae1 Rec8 18. h4 h6 19. g4 Bd8 20. Bxh6 gxh6 21. Rxe6 Bf6 22. g5 Nxc5 23. Qf5 Nxe6 24. Rxe6 Bg7 25. Re7 Be8 26. gxh6 Qa6 27. hxg7 Rxc3 28. Ne5 Rc1+ 29. Kh2 Qf1 30. Rxe8+ 1-0

[Event "105th British-ch 2018"]
[Site "Hull"]
[Date "2018.08.03"]
[Round "7"]
[White "Webb, Laurence"]
[Black "Longson, Sarah N"]
[Result "1-0"]
[ECO "D07"]
[WhiteElo "2306"]
[BlackElo "2123"]
[Annotator "NA"]
[PlyCount "45"]
[EventDate "2018.07.28"]
[EventType "swiss"]
[EventCountry "GBR"]
[SourceTitle "playchess.com"]
[Source "ChessBase"]
[SourceQuality "1"]
[TimeControl "40/5400+30:1800+30"]

1. d4 d5 2. c4 dxc4 3. Nf3 Nf6 4. Nc3 Nc6 5. d5 Na5 6. Qa4+ c6 7. b4 cxb3 8. axb3 e6 9. b4 Nc4 10. dxc6 b6 11. e4 b5 12. Qxb5 Nd6 13. Qa4 e5 14. c7+ Qd7 15. Nxe5 Qxa4 16. Nxa4 Bb7 17. f3 Be7 18. Nc5 Bc8 19. Nc6 Nb7 20. Rxa7 Rxa7 21. Nxa7 Nxc5 22. Nxc8 Ne6 23. Nd6+ 1-0

[Event "105th British-ch 2018"]
[Site "Hull"]
[Date "2018.08.03"]
[Round "7"]
[White "Abdulla, Murad"]
[Black "Iyengar, Ilya"]
[Result "1-0"]
[ECO "B82"]
[WhiteElo "2281"]
[BlackElo "2017"]
[Annotator "NA"]
[PlyCount "85"]
[EventDate "2018.07.28"]
[EventType "swiss"]
[EventCountry "GBR"]
[SourceTitle "playchess.com"]
[Source "ChessBase"]
[SourceQuality "1"]
[TimeControl "40/5400+30:1800+30"]

1. e4 c5 2. Nf3 e6 3. d4 cxd4 4. Nxd4 Nf6 5. Nc3 d6 6. f4 a6 7. Qf3 Qc7 8. Be3 b5 9. a3 Bb7 10. g4 Nc6 11. g5 Nd7 12. h4 O-O-O 13. Bg2 Kb8 14. O-O Nxd4 15. Bxd4 d5 16. exd5 Bc5 17. Rad1 Nb6 18. Qf2 Bxd4 19. Rxd4 Nxd5 20. Nxd5 Bxd5 21. Bxd5 Rxd5 22. Rxd5 exd5 23. Rd1 Rd8 24. Qd4 Qa7 25. Qxa7+ Kxa7 26. Re1 Rd7 27. Kf2 Kb6 28. Re8 h6 29. Ke3 hxg5 30. fxg5 g6 31. b3 d4+ 32. Kd3 Rc7 33. Rb8+ Ka5 34. Rd8 Rc3+ 35. Kd2 Rh3 36. Rd6 b4 37. axb4+ Kxb4 38. Rxd4+ Kc5 39. Rf4 Rh2+ 40. Kc3 Rh3+ 41. Kb2 Kb5 42. Rxf7 Rxh4 43. Rf6 1-0

[Event "105th British-ch 2018"]
[Site "Hull"]
[Date "2018.08.03"]
[Round "7"]
[White "Kalavannan, Koby"]
[Black "Hawkins, Jonathan"]
[Result "1/2-1/2"]
[ECO "E03"]
[WhiteElo "2277"]
[BlackElo "2590"]
[Annotator "RC"]
[PlyCount "53"]
[EventDate "2018.07.28"]
[EventType "swiss"]
[EventCountry "GBR"]
[SourceTitle "playchess.com"]
[Source "ChessBase"]
[SourceQuality "1"]
[TimeControl "40/5400+30:1800+30"]

1. d4 d5 2. c4 e6 3. g3 Nf6 4. Bg2 dxc4 5. Qa4+ Nbd7 6. Qxc4 c5 7. dxc5 Bxc5 8. Nf3 a6 9. b4 Bd6 10. O-O Qe7 11. a3 O-O 12. Rd1 a5 13. Qd3 Bc7 14. Qc2 Bb6 15. b5 a4 16. h3 Nc5 17. Nbd2 Rd8 18. Ne5 Ba5 19. Rb1 Nd5 20. Bb2 f6 21. Nec4 Bc7 22. Ba1 Nd7 23. Bd4 N7b6 24. e4 Nxc4 25. Nxc4 e5 26. exd5 exd4 27. Rxd4 1/2-1/2

[Event "105th British-ch 2018"]
[Site "Hull"]
[Date "2018.08.03"]
[Round "7"]
[White "Mcmichael, Richard J"]
[Black "Muir, Andrew Joseph"]
[Result "0-1"]
[ECO "A01"]
[WhiteElo "2245"]
[BlackElo "2291"]
[Annotator "NA"]
[PlyCount "81"]
[EventDate "2018.07.28"]
[EventType "swiss"]
[EventCountry "GBR"]
[SourceTitle "playchess.com"]
[Source "ChessBase"]
[SourceQuality "1"]
[TimeControl "40/5400+30:1800+30"]

1. b3 g6 2. Bb2 Nf6 3. Bxf6 exf6 4. c4 d5 5. cxd5 Qxd5 6. Nc3 Qa5 7. e3 Ba3 8. Nb5 Be7 9. Nf3 a6 10. Nc3 O-O 11. Be2 Ba3 12. O-O Nc6 13. Ne4 f5 14. Ng3 Nb4 15. d4 Bb2 16. Rb1 Bc3 17. Qc1 Nd5 18. a3 c5 19. Bc4 Be6 20. Ne2 cxd4 21. b4 Qc7 22. Bxd5 Bxd5 23. Nfxd4 Rac8 24. Qd1 Bc4 25. Rc1 Bb2 26. Rc2 Bxa3 27. Qa1 Bxb4 28. Rfc1 b5 29. Qxa6 Qd7 30. h4 Ra8 31. Qb6 Ba5 32. Qf6 Bd8 33. Qe5 Bxh4 34. Qf4 Bf6 35. Rd2 Rfe8 36. Ng3 Be5 37. Qh4 Qd8 38. Qh3 Qf6 39. Kh2 f4 40. Ne4 fxe3+ 41. g3 0-1

[Event "105th British-ch 2018"]
[Site "Hull"]
[Date "2018.08.03"]
[Round "7"]
[White "Wall, Tim P"]
[Black "Zakarian, David"]
[Result "1-0"]
[ECO "B08"]
[WhiteElo "2234"]
[BlackElo "2354"]
[Annotator "NA"]
[PlyCount "97"]
[EventDate "2018.07.28"]
[EventType "swiss"]
[EventCountry "GBR"]
[SourceTitle "playchess.com"]
[Source "ChessBase"]
[SourceQuality "1"]
[TimeControl "40/5400+30:1800+30"]

1. e4 Nc6 2. Nf3 d6 3. d4 Nf6 4. Nc3 g6 5. d5 Nb8 6. h3 Bg7 7. Bc4 O-O 8. O-O c6 9. a4 a5 10. Re1 Qc7 11. Qe2 Na6 12. Bg5 Nb4 13. Bb3 Re8 14. Rad1 Nd7 15. Bf4 Ne5 16. Nxe5 dxe5 17. Be3 Bd7 18. Qf3 cxd5 19. exd5 Rf8 20. Bg5 Rae8 21. Qe2 h6 22. Bxe7 Rxe7 23. d6 Qd8 24. dxe7 Qxe7 25. Ne4 Kh7 26. c3 Na6 27. Qd2 Bc6 28. Qd6 Qh4 29. Bc2 f5 30. Ng3 e4 31. b4 Rf6 32. Qe7 axb4 33. cxb4 e3 34. Rxe3 Qxb4 35. Rb1 Qd2 36. Nxf5 Rxf5 37. Bxf5 gxf5 38. Rg3 Qd4 39. Re1 Be4 40. Kh1 Qe5 41. Qf7 Qf6 42. Qc4 Kh8 43. Rge3 Qf8 44. f3 Bc6 45. Re7 Qf6 46. Rf7 Qc3 47. Rf8+ Kh7 48. Qg8+ Kg6 49. Qf7+ 1-0

[Event "105th British-ch 2018"]
[Site "Hull"]
[Date "2018.08.03"]
[Round "7"]
[White "Moore, Graham J"]
[Black "Fitzsimons, David"]
[Result "1/2-1/2"]
[ECO "B08"]
[WhiteElo "2218"]
[BlackElo "2328"]
[Annotator "NA"]
[PlyCount "69"]
[EventDate "2018.07.28"]
[EventType "swiss"]
[EventCountry "GBR"]
[SourceTitle "playchess.com"]
[Source "ChessBase"]
[SourceQuality "1"]
[TimeControl "40/5400+30:1800+30"]

1. Nf3 g6 2. e4 d6 3. d4 Nf6 4. Nc3 Bg7 5. Bg5 O-O 6. Qd2 d5 7. exd5 Nxd5 8. Bh6 Nc6 9. Bxg7 Kxg7 10. Bc4 Nb6 11. Be2 Be6 12. Rd1 Bd5 13. O-O e6 14. b3 a6 15. Nb1 Qd7 16. c4 Bxf3 17. Bxf3 Rad8 18. d5 exd5 19. cxd5 Ne5 20. Qd4 Qd6 21. g3 c5 22. Qc3 Rfe8 23. Bg2 Kg8 24. Na3 Re7 25. Nc2 Qf6 26. Qxc5 Rc8 27. Qb4 Nxd5 28. Bxd5 Rxc2 29. Bxb7 Rxa2 30. Bg2 Re8 31. Rd6 a5 32. Qb6 Qf5 33. Rd5 Nf3+ 34. Bxf3 Qxf3 35. Rxa5 1/2-1/2

[Event "105th British-ch 2018"]
[Site "Hull"]
[Date "2018.08.03"]
[Round "7"]
[White "Tozer, Philip"]
[Black "Kalaiyalahan, Akshaya"]
[Result "1-0"]
[ECO "A34"]
[WhiteElo "2142"]
[BlackElo "2138"]
[Annotator "NA"]
[PlyCount "111"]
[EventDate "2018.07.28"]
[EventType "swiss"]
[EventCountry "GBR"]
[SourceTitle "playchess.com"]
[Source "ChessBase"]
[SourceQuality "1"]
[TimeControl "40/5400+30:1800+30"]

1. c4 b6 2. Nc3 Bb7 3. e4 c5 4. g3 Nc6 5. Bg2 g6 6. Nge2 Bg7 7. d3 d6 8. O-O h5 9. h4 Qd7 10. Bg5 e6 11. Rb1 Nge7 12. a3 Nd4 13. Nxd4 cxd4 14. Ne2 O-O 15. b4 Rfe8 16. Qb3 b5 17. cxb5 Qxb5 18. a4 Qd7 19. b5 d5 20. Bxe7 Rxe7 21. exd5 Bxd5 22. Bxd5 exd5 23. Nf4 Re5 24. Rfe1 Rf5 25. Ng2 g5 26. Qd1 g4 27. Rc1 Rf3 28. Re2 Rf8 29. Rc6 Kh7 30. Ne1 Rf5 31. Qc1 Re8 32. Rcc2 Rfe5 33. Qd1 Qe7 34. Rxe5 Qxe5 35. Kf1 f5 36. Re2 Qb8 37. Rxe8 Qxe8 38. Qc1 Qe7 39. Qc6 f4 40. Qxd5 f3 41. Qxh5+ Kg8 42. Qd5+ Kf8 43. Qa8+ Kf7 44. Nxf3 gxf3 45. Qxf3+ Kg8 46. Qa8+ Kf7 47. Qd5+ Qe6 48. Qxe6+ Kxe6 49. a5 Kd6 50. f4 Kc5 51. b6 axb6 52. axb6 Kxb6 53. Ke2 Kc5 54. Kf3 Kd5 55. g4 Ke6 56. Ke4 {[%emt 0:00:17] Kd5+} 1-0

[Event "105th British-ch 2018"]
[Site "Hull"]
[Date "2018.08.03"]
[Round "7"]
[White "Jarmany, John"]
[Black "Jamroz, Krzysztof"]
[Result "1-0"]
[ECO "A08"]
[WhiteElo "2110"]
[BlackElo "2026"]
[Annotator "NA"]
[PlyCount "107"]
[EventDate "2018.07.28"]
[EventType "swiss"]
[EventCountry "GBR"]
[SourceTitle "playchess.com"]
[Source "ChessBase"]
[SourceQuality "1"]
[TimeControl "40/5400+30:1800+30"]

1. e4 c5 2. Nf3 e6 3. g3 Nc6 4. Bg2 g6 5. O-O Bg7 6. d3 Nge7 7. c3 d5 8. Nbd2 O-O 9. Qc2 b6 10. Re1 Bb7 11. Nf1 Rc8 12. Bg5 h6 13. Bd2 d4 14. c4 g5 15. h3 Ng6 16. a3 a5 17. Rab1 Qe7 18. Qb3 Rb8 19. Qd1 Ba6 20. a4 Bc8 21. N3h2 Qd6 22. Qh5 Nge5 23. f4 Nxd3 24. e5 Ncxe5 25. fxe5 Nxe5 26. Re2 d3 27. Rxe5 Qxe5 28. Ng4 Qf5 29. Nxh6+ Bxh6 30. Qxh6 f6 31. Re1 Qh7 32. Qxh7+ Kxh7 33. Be4+ f5 34. Bxd3 Rd8 35. Bc2 Kg6 36. Bc3 Kf7 37. Ne3 Rb7 38. Nd1 Rbd7 39. Nf2 Ba6 40. b3 Bb7 41. Re3 f4 42. Re1 Bf3 43. g4 Ke7 44. Re5 Rg8 45. Bh7 Rf8 46. Rxg5 Bd1 47. Rg7+ Rf7 48. Rxf7+ Kxf7 49. Nxd1 Rxd1+ 50. Kf2 e5 51. Bxe5 Ke6 52. Bxf4 Rh1 53. Kg2 Ra1 54. g5 1-0